 Dungeon Crawl Stone Soup version 0.23-a0-241-g3b46b07 (webtiles) character file.

91 Felrender the Skirmisher (level 4, -1/35 HPs)
             Began as a Demonspawn Fighter on Sept 26, 2018.
             Shot with an arrow by a centaur (3 damage)
             ... on level 3 of the Dungeon.
             The game lasted 00:02:54 (1492 turns).

Felrender the Skirmisher (Demonspawn Fighter)       Turns: 1492, Time: 00:02:54

Health: -1/35      AC:  8    Str: 18    XL:     4   Next: 34%
Magic:  0/4        EV:  7    Int:  9    God:
Gold:   97         SH:  9    Dex: 12    Spells: 3/3 levels left

rFire    . . .     SeeInvis .   a - +0 war axe
rCold    . . .     Gourm    .   c - +0 shield
rNeg     . . .     Faith    .   b - +0 scale mail
rPois    .         Spirit   +   (no helmet)
rElec    .         Reflect  .   (no cloak)
rCorr    .         Harm     .   (no gloves)
MR       .....                  (no boots)
Stlth    ..........             (no amulet)
HPRegen  0.11/turn              (no ring)
MPRegen  0.09/turn              (no ring)

@: no status effects
A: hooves 1, iridescent scales 1, magic shield
a: no special abilities


You were on level 3 of the Dungeon.
You were not hungry.

You visited 1 branch of the dungeon, and saw 3 of its levels.

You collected 97 gold pieces.

Inventory:

Hand Weapons
 a - a +0 war axe (weapon)
Armour
 b - a +0 scale mail (worn)
 c - a +0 shield (worn)
Scrolls
 e - a scroll of teleportation
 h - 2 scrolls of remove curse
Potions
 d - 2 potions of might
 g - a potion of haste
 i - a potion of berserk rage
 j - a potion of invisibility {unknown}
 l - a potion of brilliance {unknown}
Comestibles
 f - 2 rations
 k - 5 chunks of flesh


   Skills:
 + Level 3.5 Fighting
 + Level 2.8 Axes
 + Level 3.2 Armour
 + Level 0.3 Dodging
 + Level 0.1 Stealth
 + Level 3.1 Shields


You had 3 spell levels left.
You didn't know any spells.
Your spell library was empty.

Dungeon Overview and Level Annotations

Branches:
Dungeon (3/15)

Altars:
Makhleb
Sif Muna


Innate Abilities, Weirdness & Mutations

You have large cloven feet.
You are partially covered in iridescent scales. (AC +2)
When hurt, damage is shared between your health and your magic reserves.


Message History

The centaur shoots an arrow.
The arrow barely misses you. The goblin hits you but does no damage.
Your shield and scale mail prevent you from hitting the goblin.
Your kick misses the goblin.
The centaur shoots an arrow.
The arrow hits you. You block the goblin's attack.
You hit the goblin.
The goblin is severely wounded.
You block the goblin's attack.
The centaur shoots an arrow.
The arrow hits you. The goblin hits you but does no damage.
The centaur shoots an arrow.
The arrow barely misses you. You block the adder's attack.
The centaur shoots an arrow.
The arrow barely misses you. You block the goblin's attack.
The adder barely misses you.
The centaur shoots an arrow.
The arrow hits you!
* * * LOW HITPOINT WARNING * * *
The goblin hits you but does no damage. The adder closely misses you.
You see here an arrow.
The centaur shoots an arrow.
You block the arrow. The adder bites you but does no damage.
The centaur shoots an arrow.
The arrow hits you.
You die...

#.. #.. # # ..#.. .# #. .#
.# #.#..#####.## ##. .## #.#
.............. .. .. ...
......#..# #..#.#.####.# #
#...<(.# #....... ...
#.#......#.###.##g###.#
.........#...<..@S.((.#
#.#...#..#####..#(..(.# ###
. #.#....#..........(.#...#
###.#....#.........#....#.#
............................
.##.#....#####.##..##.#c#.#.
.##.#.......................
....#.#....###.#....##..#.##
.####.#..#.# #..........#.#


You could see a centaur, an adder and a goblin.

Vanquished Creatures
  6 adders
  3 bats
  A giant cockroach (D:1)
  8 goblins
  4 hobgoblins
  5 kobolds
  2 quokkas (D:3)
  3 frilled lizards
  5 rats
37 creatures vanquished.

Notes
Turn   | Place    | Note
-------+----------+-------------------------------------------
     0 | D:1      | Felrender the Demonspawn Fighter began the quest for the
                  | Orb.
     0 | D:1      | Reached XP level 1. HP: 18/18 MP: 1/1
   200 | D:1      | Gained mutation: You have large cloven feet. [demonic
                  | ancestry]
   200 | D:1      | Reached XP level 2. HP: 23/24 MP: 2/2
   476 | D:2      | Gained mutation: When hurt, damage is shared between your
                  | health and your magic reserves. [demonic ancestry]
   476 | D:2      | Reached XP level 3. HP: 17/29 MP: 3/3
  1143 | D:2      | Gained mutation: You are partially covered in iridescent
                  | scales. (AC +2) [demonic ancestry]
  1143 | D:2      | Reached XP level 4. HP: 33/35 MP: 4/4
  1147 | D:2      | Found a deep blue altar of Sif Muna.
  1246 | D:2      | Found a burning altar of Makhleb.
  1482 | D:3      | Noticed a centaur
  1491 | D:3      | HP: 1/35 [centaur/arrow (10)]
  1492 | D:3      | Shot with an arrow by a centaur

Vault maps used:
D:1:      dpeg_arrival_simpleton_a
D:2:      led_sif_pool, bloody_makhleb
D:3:      lemuel_round_altar, uniq_jessica, uniq_robin

Skill      XL: |  1  2 |
---------------+-------+-----
Axes           | 2 |  2.8
Armour         | 3 |  3.2
Shields        | 3 |  3.1
Fighting       | |  3.5
Dodging        | |  0.3
Stealth        | |  0.1

Action                   |  1- 3 |  4- 6 || total
-------------------------+-------+-------++-------
Melee: War axe           |    85 |    46 ||   131
       Kick              |     9 |    10 ||    19
  Use: Scroll            |     5 |     2 ||     7
       Potion            |     1 |       ||     1
  Eat: Ration            |     1 |       ||     1
Armor: Scale mail        |    35 |    33 ||    68
Dodge: Dodged            |    19 |    24 ||    43
Block: Shield            |    47 |    41 ||    88

Table legend:
 A = Non-vault XP
 B = Vault XP
 C = Vault XP percentage of total XP
 D = Non-vault monster count
 E = Vault monster count
 F = Vault count percentage of total count
                 A         B        C        D         E       F
            +---------+---------+-------+---------+---------+-------
      Total |     131 |       0 |   0.0 |      37 |       0 |   0.0
            +---------+---------+-------+---------+---------+-------
        D:1 |      17 |       0 |   0.0 |      10 |       0 |   0.0
        D:2 |      95 |       0 |   0.0 |      23 |       0 |   0.0
        D:3 |      19 |       0 |   0.0 |       4 |       0 |   0.0
            +---------+---------+-------+---------+---------+-------
